 Dungeon Crawl Stone Soup version 0.23.2 (webtiles) character file.

Game seed: 10397185452687634341

114 Kairos the Slinger (level 5, -10/35 HPs)
             Began as a Halfling Hunter on Apr 7, 2019.
             Killed from afar by an orc wizard (13 damage)
             ... with a puff of flame
             ... on level 3 of the Dungeon.
             The game lasted 00:05:12 (3251 turns).

Kairos the Slinger (Halfling Hunter)                Turns: 3251, Time: 00:05:13

Health: -10/35     AC:  8    Str: 14    XL:     5   Next: 19%
Magic:  14/14      EV:  6    Int:  9    God:
Gold:   161        SH:  0    Dex: 15    Spells: 4/4 levels left

rFire    . . .     SeeInvis .   b - +0 short sword
rCold    . . .     Gourm    .   (shield restricted)
rNeg     . . .     Faith    .   i - -2 plate armour (curse)
rPois    .         Spirit   .   (no helmet)
rElec    .         Reflect  .   (no cloak)
rCorr    .         Harm     .   (no gloves)
MR       .....                  (no boots)
Stlth    ..........             (no amulet)
HPRegen  0.11/turn              e - ring of magical power
MPRegen  0.14/turn              (no ring)

@: no status effects
A: small, mutation resistance 1
a: no special abilities


You were on level 3 of the Dungeon.
You were hungry.

You visited 1 branch of the dungeon, and saw 3 of its levels.

You collected 161 gold pieces.

Inventory:

Hand Weapons
 a - a +1 hunting sling
 b - a +0 short sword (weapon)
Armour
 c - a +0 leather armour
 i - a cursed -2 plate armour (worn)
Jewellery
 e - a ring of magical power (left hand)
 l - an uncursed ring of stealth {unknown}
Scrolls
 d - a scroll of identify
 h - a scroll of remove curse {unknown}
 k - 2 scrolls of teleportation
 m - a scroll of noise {unknown}
Potions
 g - a potion of brilliance {unknown}
 j - a potion of heal wounds {unknown}
Comestibles
 f - 3 rations


   Skills:
 + Level 2.3 Fighting
 + Level 0.9 Short Blades
 + Level 8.1 Slings
 + Level 0.7 Armour
 + Level 2.3 Dodging
 + Level 1.1 Stealth


You had 4 spell levels left.
You didn't know any spells.
Your spell library was empty.

Dungeon Overview and Level Annotations

Branches:
Dungeon (3/15)

Altars:
Kikubaaqudgha
The Shining One


Innate Abilities, Weirdness & Mutations

You are small and have problems with some larger weapons.
You are somewhat resistant to further mutation.


Message History

A puff of flame appears from out of thin air!
The puff of flame hits you!
You miss something. Something hits you but does no damage. Something hits you.
You hit something but do no damage. Something hits you but does no damage.
You barely miss something. Something hits you but does no damage.
Something completely misses you.
You miss something.
Your plate armour prevents you from hitting something.
You hear some strange, mumbled words.
A puff of frost appears from out of thin air!
The puff of frost hits you!
* * * LOW HITPOINT WARNING * * *
Something hits you.
* * * LOW HITPOINT WARNING * * *
You closely miss something.
Something hits you but does no damage. x2
You closely miss something.
You hear some strange, mumbled words.
A puff of flame appears from out of thin air!
The puff of flame hits you!
You die...

######.#.#.#
##############.#
..........#.# #.# ..#
#.#### ..######..#.#
..# #.# #.....
#####..#.####.#
##.#########
#.......÷.....#
#....[....wr
#........÷....#
#..#########
#.............# .....#
..........####.#....J.#
########..# #@#....r.#
##.# #{#.r....# ###.##
#.#......# #....#
#.#..w.... #....# #.#
#....# #.# ###.## #.#
#.# #.# #.#


There were no monsters in sight!

Vanquished Creatures
  4 adders (D:2)
  An ooze (D:3)
  A worm (D:2)
  2 dart slugs (D:1)
  4 orcs (D:3)
  3 giant cockroaches
  2 goblins
  7 hobgoblins
  6 jackals
  5 kobolds
  3 quokkas
  12 bats
  4 frilled lizards
  6 rats
60 creatures vanquished.

Notes
Turn   | Place    | Note
-------+----------+-------------------------------------------
     0 | D:1      | Kairos the Halfling Hunter began the quest for the Orb.
     0 | D:1      | Reached XP level 1. HP: 14/14 MP: 1/1
    47 | D:1      | Reached skill level 6 in Slings
   102 | D:1      | Reached XP level 2. HP: 19/19 MP: 2/2
   407 | D:1      | Reached XP level 3. HP: 22/24 MP: 3/3
   423 | D:1      | Reached skill level 7 in Slings
  1456 | D:2      | Reached XP level 4. HP: 29/29 MP: 4/4
  1502 | D:2      | Found an ancient bone altar of Kikubaaqudgha.
  1743 | D:2      | Found a glowing golden altar of the Shining One.
  1840 | D:2      | Reached skill level 8 in Slings
  2837 | D:3      | Reached XP level 5. HP: 32/34 MP: 5/5
  3251 | D:3      | Killed from afar by an orc wizard

Skill      XL: |  1  2  3  4 |
---------------+-------------+-----
Slings         | 6 7 8 |  8.1
Fighting       | 2 |  2.3
Short Blades   | |  0.9
Armour         | |  0.7
Dodging        | |  2.3
Stealth        | |  1.1

Action                   |  1- 3 |  4- 6 || total
-------------------------+-------+-------++-------
Melee: Short sword       |    16 |   149 ||   165
 Fire: Hunting sling     |    95 |    38 ||   133
Throw: Throwing net      |     1 |       ||     1
  Use: Potion            |     2 |       ||     2
       Scroll            |     1 |     1 ||     2
  Eat: Chunk             |       |     3 ||     3
       Ration            |       |     1 ||     1
Armor: Plate armour      |    39 |   119 ||   158
       Leather armour    |     1 |       ||     1
Dodge: Dodged            |    24 |    61 ||    85
